 Dungeon Crawl Stone Soup version 0.26.0-90-g5fd8617961 (webtiles) character file.

Game seed: 5712696515141775963

1519 Gadfly the Cudgeller (level 8, -4/79 HPs)
             Began as an Ogre Gladiator on Feb 3, 2021.
             Was a Follower of Okawaru.
             Slain by an orc warrior
             ... wielding a +0 halberd
              (14 damage)
             ... on level 6 of the Dungeon.
             The game lasted 00:10:28 (10815 turns).

Gadfly the Cudgeller (Ogre Gladiator)              Turns: 10815, Time: 00:10:29

Health: -4/79      AC:  6    Str: 21    XL:     8   Next: 84%
Magic:  11/11      EV: 10    Int:  9    God:    Okawaru [*.....]
Gold:   303        SH:  0    Dex: 10    Spells: 5/7 levels left

rFire    + . .     SeeInvis .   b - +2 hand axe (elec)
rCold    + . .     Faith    .   (no shield)
rNeg     + . .     Spirit   .   f - +1 robe {rN+}
rPois    .         Reflect  .   c - +1 hat
rElec    .         Harm     .   t - +0 cloak
rCorr    .         Rampage  .   (gloves unavailable)
Will     .....                  (boots unavailable)
Stlth    +.........             (no amulet)
HPRegen  0.23/turn              k - ring of protection from cold
MPRegen  0.12/turn              (no ring)

@: slowed, very slow
A: large, unfitting armour, fire resistance 1, sense surroundings 1, screaming
1, tough skin 1
a: Renounce Religion, Heroism


You were on level 6 of the Dungeon.
You worshipped Okawaru.
Okawaru was aware of your devotion.
You visited 2 branches of the dungeon, and saw 7 of its levels.
You also visited: Sewer.

You collected 303 gold pieces.

Inventory:

Hand Weapons
 a - a +0 vorpal mace
 b - a +2 hand axe of electrocution (weapon)
 g - a +0 flail
 q - a +2 quarterstaff of chaos
Missiles
 d - 3 throwing nets
 e - 145 stones (quivered)
 n - 9 large rocks
Armour
 c - a +1 hat (worn)
 f - a +1 robe of positive energy (worn)
 t - a +0 cloak (worn)
Jewellery
 k - a ring of protection from cold (left hand)
Wands
 i - a wand of acid (2)
 j - a wand of flame (6)
Scrolls
 h - 2 scrolls of enchant weapon
 m - 6 scrolls of remove curse
 r - a scroll of magic mapping
Potions
 l - a potion of attraction
 o - 7 potions of flight
 p - 3 potions of curing
 s - a potion of mutation


   Skills:
 + Level 4.3 Fighting
 * Level 4.8 Maces & Flails
 * Level 4.8 Throwing
 * Level 3.9 Armour
 - Level 2.6 Dodging
 + Level 4.4 Invocations
 * Level 3.9 Evocations


You had 5 spell levels left.
You knew the following spells:

 Your Spells              Type           Power        Failure   Level
a - Blink                 Tloc           N/A          52%         2

Your spell library contained the following spells:

 Spells                   Type           Power        Failure   Level
 Magic Dart               Conj           0%           38%         1
 Call Imp                 Summ           0%           52%         2
 Slow                     Hex            0%           52%         2
 Conjure Flame            Conj/Fire      0%           77%         3
 Mephitic Cloud           Conj/Pois/Air  0%           77%         3


Dungeon Overview and Level Annotations

Branches:
Dungeon (6/15)             Temple (1/1) D:5           Sewer (visited)

Altars:
Ashenzari
Cheibriados
Dithmenos
Elyvilon
Fedhas
Gozag
Hepliaklqana
Nemelex Xobeh
Okawaru
Qazlal
Ru
Sif Muna
Trog
Uskayaw
Wu Jian
Xom
Yredelemnul
The Shining One


Innate Abilities, Weirdness & Mutations

You are too large for most types of armour.
You have tough skin. (AC +1)
Your flesh is heat resistant. (rF+)
You passively map a small area around you.
You occasionally shout uncontrollably at your foes.


Message History

The orc warrior hits you with a +0 halberd!!
The orc warrior hits you from afar with a +0 halberd!
The orc wizard hits you with a cursed -2 dagger.
The orc wizard hits you but does no damage.
The orc wizard points at you and mumbles some strange words.
The magic dart hits you.
* * * LOW HITPOINT WARNING * * *
The orc wizard gestures at you while chanting.
The magic dart hits you.
* * * LOW HITPOINT WARNING * * *
The orc wizard points at you and mumbles some strange words.
The magic dart hits you!
* * * LOW HITPOINT WARNING * * *
The orc wizard casts a spell.
The orc wizard blinks!
The orc wizard points at you and mumbles some strange words.
The magic dart hits you.
* * * LOW HITPOINT WARNING * * *
The orc warrior hits you from afar with a +0 halberd!
You die...

...####........##
..P≈P≈≈≈P≈≈ ≈≈
....###...###..# .
♣.≈..≈♣≈≈ ≈≈≈ .).......##
#..## ,,...... ≈ ........##
##..# ,...... ..).....#
#oZ# ≈ , , .......## ##.##
.......# #.o# ≈ ≈ ,
.......# #..## ≈ ≈ ,
.####..# ##@.# * # ##.##
#o.#####♣♣♣ #..#
#.........., #..###
###..........
##....####<.........#.
#....†................
......#.................. *
#....#........##.........,*
###........#...##÷.......


You could see an orc warrior, an orc wizard (fast), an orc and an adder zombie.

Vanquished Creatures
  A water moccasin (D:6)
  2 ice beasts
  A black bear (D:6)
  An ogre (D:6)
  2 centaurs
  2 big kobolds (Sewer)
  Blork the orc (D:5)
  2 scorpions
  2 howler monkeys
  2 hounds (D:4)
  A jelly (D:6)
  An orc priest (D:3)
  Crazy Yiuf (D:5)
  Ijyb (D:4)
  2 worker ants
  A hound zombie (D:5)
  A hound skeleton (D:4)
  2 worker ant zombies (D:5)
  6 adders
  6 river rats (Sewer)
  A white imp (D:3)
  An ufetubus (D:4)
  An ooze (D:5)
  An adder skeleton (D:5)
  2 worms
  A dart slug (D:1)
  6 leopard geckos
  9 orcs
  7 ball pythons
  7 bats
  8 giant cockroaches
  10 hobgoblins
  4 jackals (D:3)
  20 kobolds
  3 quokkas (D:3)
  4 frilled lizards
  4 goblins (D:3)
  A jackal skeleton (D:6)
  A quokka skeleton (D:4)
  28 rats
157 creatures vanquished.

Vanquished Creatures (others)
  4 plants (D:6)
4 creatures vanquished.

Grand Total: 161 creatures vanquished

Notes
Turn   | Place    | Note
-------+----------+-------------------------------------------
     0 | D:1      | Gadfly the Ogre Gladiator began the quest for the Orb.
     0 | D:1      | Reached XP level 1. HP: 22/22 MP: 1/1
   193 | D:1      | Reached XP level 2. HP: 26/29 MP: 2/2
   576 | D:1      | Reached skill level 1 in Invocations
   879 | D:1      | Reached XP level 3. HP: 32/36 MP: 3/3
  1226 | D:2      | Reached skill level 1 in Armour
  1544 | D:2      | Reached skill level 1 in Evocations
  1741 | D:2      | Gained mutation: You tend to lose your temper in combat.
                  | [potion of mutation]
  1741 | D:2      | Gained mutation: You passively map a small area around you.
                  | [potion of mutation]
  1742 | D:2      | Lost mutation: You tend to lose your temper in combat.
                  | [potion of mutation]
  1742 | D:2      | Gained mutation: You occasionally shout uncontrollably at
                  | your foes. [potion of mutation]
  1742 | D:2      | Gained mutation: Your flesh is heat resistant. (rF+)
                  | [potion of mutation]
  1788 | D:2      | Found a broken altar of Ashenzari.
  1793 | D:2      | Found a blossoming altar of Fedhas.
  1798 | D:2      | Found a white marble altar of Elyvilon.
  1799 | D:2      | Found a snail-covered altar of Cheibriados.
  1806 | D:2      | Became a worshipper of Elyvilon the Healer
  1872 | D:2      | Found a faded altar of an unknown god.
  2082 | D:3      | Reached XP level 4. HP: 38/44 MP: 5/5
  2301 | D:3      | Found a glowing drain.
  2469 | Sewer    | Entered a sewer
  2871 | Sewer    | Reached XP level 5. HP: 33/50 MP: 6/6
  3002 | Sewer    | Noticed a big kobold
  3016 | Sewer    | Killed a big kobold
  3614 | Sewer    | Reached XP level 6. HP: 40/59 MP: 8/8
  6078 | D:3      | Reached * piety under Elyvilon
  6393 | D:4      | Reached XP level 7. HP: 35/66 MP: 9/9
  6757 | D:5      | Entered Level 5 of the Dungeon
  6757 | D:5      | Noticed Ijyb
  7439 | D:4      | Killed Ijyb
  7674 | D:5      | Noticed Blork the orc
  7878 | D:5      | Killed Blork the orc
  8116 | D:5      | Reached ** piety under Elyvilon
  8144 | D:4      | HP: 2/67 [ufetubus (2)]
  8450 | D:4      | Reached XP level 8. HP: 40/75 MP: 8/10
  8789 | D:5      | Learned a level 2 spell: Blink
  8847 | D:5      | Found a staircase to the Ecumenical Temple.
  8853 | Temple   | Entered the Ecumenical Temple
  9117 | Temple   | Fell from the grace of Elyvilon
  9117 | Temple   | Became a worshipper of Warmaster Okawaru
  9309 | D:5      | Found a runed translucent door.
  9310 | D:5      | Noticed Crazy Yiuf
  9516 | D:5      | Killed Crazy Yiuf
 10135 | D:6      | Reached * piety under Okawaru
 10683 | D:6      | Found a shimmering altar of Xom.
 10684 | D:6      | Found a shimmering altar of Xom.
 10685 | D:6      | Found a shimmering altar of Xom.
 10685 | D:6      | Found a shimmering altar of Xom.
 10686 | D:6      | Found a shimmering altar of Xom.
 10815 | D:6      | Slain by an orc warrior

Illustrated notes

Levels and vault maps discovered:
D:1:      psy_arrival_radial02, layout_basic, minmay_misc_feat_plants
D:2:      layout_loops_ring, grunt_temple_overflow_open,
          chequers_ecumenical_altar_twisty, chequers_serial_rivers_micro_a
D:3:      layout_basic, gup_sewer_entry_pipe
D:4:      layout_rooms
D:5:      layout_cave_pools, minmay_temple_entry_ruins, minivault_11,
          minmay_liquid_box, uniq_blork_the_orc, uniq_crazy_yiuf_cottage,
          uniq_ijyb
D:6:      layout_layer_cave, kennysheep_little_box, serial_bayou,
          serial_bayou_pond_e, serial_bayou_ford_a, serial_bayou_pond_c,
          serial_bayou_pond_b, serial_shops, shop, xom_redecorated
Temple:   oiseaux_autumnal_temple

Skill      XL: |  1  2  3  4  5  6  7  8 |
---------------+-------------------------+-----
Invocations    | 1 2 3 4 |  4.4
Armour         | 1 2 3 |  3.9
Evocations     | 1 2 3 |  3.9
Maces & Flails | 3 4 |  4.8
Throwing       | 3 4 |  4.8
Fighting       | 3 4 |  4.3
Dodging        | |  2.6

Action                   |  1- 3 |  4- 6 |  7- 9 || total
-------------------------+-------+-------+-------++-------
Melee: Flail             |    48 |       |       ||    48
       Mace              |    67 |   260 |    98 ||   425
       Hand axe          |       |       |    79 ||    79
Throw: Stone             |     2 |     5 |    14 ||    21
       Large rock        |       |     1 |       ||     1
Invok: Lesser Healing    |       |       |     5 ||     5
Evoke: Wand              |       |     1 |     3 ||     4
  Use: Scroll            |     5 |     2 |     3 ||    10
       Potion            |     3 |     8 |     1 ||    12
 Stab: Sleeping          |       |     1 |       ||     1
Armor: Robe              |    49 |    63 |    61 ||   173
Dodge: Dodged            |   104 |   144 |   141 ||   389
